 Dungeon Crawl Stone Soup version 0.32-a0-699-g1ee5eff69a (webtiles) character file.

Game seed: 7849988617400851326

50 cojito the Digger (level 3, -2/26 HPs)
             Began as a Mountain Dwarf Earth Elementalist on Mar 14, 2024.
             Slain by a scorpion (4 damage)
             ... on level 2 of the Dungeon.
             The game lasted 00:03:22 (999 turns).

cojito the Digger (MDEE)                             Turns: 999, Time: 00:03:23

Health: -2/26      AC:  3    Str: 12    XL:     3   Next: 55%
Magic:  1/6        EV: 11    Int: 17    God:
Gold:   44         SH:  0    Dex: 10    Spells: 5/6 levels left

rFire   . . .        c - +0 short sword
rCold   . . .        (no shield)
rNeg    . . .        d - +0 robe "Bimacleh" {rCorr Str+2}
rPois   .            e - +0 helmet
rElec   .            (no cloak)
rCorr   +            (no gloves)
SInv    .            (no boots)
Will    .....        (no amulet)
Stlth   ++           (no ring)
HPRegen 0.24/turn    (no ring)
MPRegen 0.10/turn

%: no passive effects
@: brilliant, lethally poisoned (-2 -> -10), very slightly contaminated
A: runic magic, artefact enchanting
a: no special abilities


You were on level 2 of the Dungeon.
You visited 1 branch of the dungeon, and saw 2 of its levels.

You collected 44 gold pieces.

Inventory:

Hand Weapons
 c - a +0 short sword (weapon)
Armour
 d - the +0 robe "Bimacleh" (worn) {rCorr Str+2}
   (You found it on level 2 of the Dungeon)

   Str+2:     It affects your strength (+2).
   rCorr:     It protects you from acid and corrosion.
 e - a +0 helmet (worn)
Scrolls
 a - a scroll of identify
 f - a scroll of amnesia
 g - a scroll of vulnerability
Potions
 b - a potion of magic
 h - a potion of cancellation


   Skills:
 + Level 1.0 Armour
 - Level 1.5 Dodging
 - Level 1.5 Stealth
 + Level 2.1 Spellcasting
 + Level 1.5 Conjurations
 * Level 4.0 Earth Magic


You had 5 spell levels left.
You knew the following spells:

 Your Spells              Type           Power      Damage    Failure   Level
a - Sandblast             Erth           46%        2d11      3%          1

Your spell library contained the following spells:

 Spells                   Type           Power      Damage    Failure   Level
 Passwall                 Erth           23%        N/A       11%         3
 Stone Arrow              Conj/Erth      32%        3d9       19%         3
 Ensorcelled Hibernation  Hex/Ice        4%         N/A       28%         2
 Fugue of the Fallen      Necr           2%         N/A       50%         3
 Brom's Barrelling Bould  Conj/Erth      16%        2d4       52%         4
 Petrify                  Alch/Erth      13%        N/A       63%         4
 Anguish                  Hex/Necr       1%         N/A       88%         4


Dungeon Overview and Level Annotations

Branches:
Dungeon (2/15)

Altars:


Innate Abilities, Weirdness & Mutations

Your spellcasting is much less encumbered by armour.
You can use scrolls of enchantment on lesser artefacts.


Message History

Confirm with . or Enter, or press ? or * to list all spells.
Aiming: Sandblast (safe; 3% risk of failure)
Press: ? - help, Shift-Dir - straight line, f/p - scorpion
Aim: a scorpion (83% to hit)
You feel a surge of power!
The blast of sand hits the scorpion but does no damage.
Casting: Sandblast (safe; 3% risk of failure)
Confirm with . or Enter, or press ? or * to list all spells.
Aiming: Sandblast (safe; 3% risk of failure)
Press: ? - help, Shift-Dir - straight line, f/p - scorpion
Aim: a scorpion (83% to hit)
You feel a surge of power!
The blast of sand hits the scorpion!
The scorpion is moderately wounded.
The scorpion stings you.
You are poisoned.
The scorpion poisons you! The scorpion stings you.
Casting: Sandblast (safe; 3% risk of failure)
Confirm with . or Enter, or press ? or * to list all spells.
Aiming: Sandblast (safe; 3% risk of failure)
Press: ? - help, Shift-Dir - straight line, f/p - scorpion
Aim: a scorpion (moderately wounded, 83% to hit)
You feel a surge of power!
The blast of sand hits the scorpion.
The scorpion is heavily wounded.
You feel very sick. The scorpion stings you.
You are lethally poisoned!
The scorpion poisons you! The scorpion stings you.
* * * LOW HITPOINT WARNING * * *
Casting: Sandblast (safe; 3% risk of failure)
Confirm with . or Enter, or press ? or * to list all spells.
Aiming: Sandblast (safe; 3% risk of failure)
Press: ? - help, Shift-Dir - straight line, f/p - scorpion
Aim: a scorpion (heavily wounded, 83% to hit)
You feel a surge of power!
The blast of sand misses the scorpion.
* * * LOW HITPOINT WARNING * * *
You feel very sick. The scorpion stings you.
* * * LOW HITPOINT WARNING * * *
The scorpion stings you.
You die...

#...# #.#..#...##
#...####......#...
#...##......#.###.
#...#..#....#.....
#.....##....#####. ###
#...#.......##.... #...
#...#.##..........
.....##.....###......#..
......s@..##.....#######
.............###.# #....
......#.###### #.###.###
........# #.....# #
......### #..#### ......
#### ..... ..$.. ...


You could see a scorpion.

Vanquished Creatures
  An adder (D:2)
  An orc (D:2)
  A ball python (D:1)
  10 endoplasms
  A giant cockroach (D:2)
  A goblin (D:1)
  A hobgoblin (D:2)
  3 jackals (D:2)
  5 kobolds
  3 quokkas
  3 bats
  3 frilled lizards (D:1)
  A rat (D:2)
34 creatures vanquished.

Notes
Turn   | Place    | Note
-------+----------+-------------------------------------------
     0 | D:1      | cojito the Mountain Dwarf Earth Elementalist began the
                  | quest for the Orb.
     0 | D:1      | Reached XP level 1. HP: 14/14 MP: 3/3
    12 | D:1      | Reached skill level 1 in Conjurations
   203 | D:1      | Reached XP level 2. HP: 20/20 MP: 4/4
   505 | D:2      | Reached XP level 3. HP: 26/26 MP: 1/6
   563 | D:2      | Identified the +0 robe "Bimacleh" {rCorr Str+2}
   752 | D:2      | Reached skill level 1 in Armour
   803 | D:2      | Reached skill level 4 in Earth Magic
   991 | D:2      | Noticed a scorpion
   999 | D:2      | Slain by a scorpion

Illustrated notes

Levels and vault maps discovered:
D:1:      orjb1_lava_funnel, layout_rooms
D:2:      layout_rooms

Skill      XL: |  1  2  3 |
---------------+----------+-----
Conjurations   | 1 |  1.5
Spellcasting   | 2 |  2.1
Armour         | 1 |  1.0
Earth Magic    | 4 |  4.0
Dodging        | |  1.5
Stealth        | |  1.5

Action                     || total
---------------------------++-------
  Melee: Short sword       ||    43
   Cast: Sandblast         ||    45
    Use: Scroll            ||     4
         Potion            ||     1
 Armour: Robe              ||    32
  Dodge: Dodged            ||    45

Table legend: (Time is in decaauts)
 A = Elapsed time spent in this place.
 B = Non-inter-level travel time spent in this place.
 C = Inter-level travel time spent in this place.
 D = Time resting spent in this place.
 E = Time spent auto-exploring this place.
 F = Levels seen in this place.
 G = Mean time per level.
                   A        B        C        D        E       F      G
               +--------+--------+--------+--------+--------+-----+--------+
         Total |   1020 |    994 |     26 |    206 |    445 |   2 |  510.0 |
       Dungeon |   1020 |    994 |     26 |    206 |    445 |   2 |  510.0 |
               +--------+--------+--------+--------+--------+-----+--------+

Top non-repeatable levels by time:
     D:2: 564 daAuts
     D:1: 456 daAuts
